AoeStats
← 'Rhythm_' = idiot

Arena

510609929Analyzed
4v4 RM · 6h ago on Oct 1, 2026· 45m 44s· 8 players
Game mode
Random Map
Map size
Large (8 player)
Population
200
Speed
Normal
Resources
Standard
Victory
Conquest
Starting age
Dark Age
Ending age
Imperial Age
RankedLock teamsTeams togetherTeam positionsShared explorationLock speedFull tech treeHidden civsTurbo modeCheats
Victory
Defeat
🇧🇪 Bengalis · Belgium
1428
+15
🇺🇸 Maya · United States
1425
+15
🇺🇸 Slavs · United States
1422
+15
🇨🇳 Bohemians · China
1387
+17
🇩🇪 Aztecs · Germany
1463
-17
🇩🇪 Goths · Germany
1421
-16
🇩🇪 Chinese · Germany
1419
-16
🇩🇪 Dravidians · Germany
1334
-13
[Mosel] Kampfschwein
11:17 Feudal Age
11:09 Loom
16:09 Castle Age
21:11 Fletching
32:35 Imperial Age
31:58 Double-Bit Axe
33:50 Bow Saw
38:11 Scale Mail Armor
39:09 Chain Mail Armor
39:11 Elite Huskarl
40:24 Conscription
42:25 Forging
45:27 Iron Casting
[HR] Cpt. Haddock
0:31 Loom
10:22 Feudal Age
11:16 Double-Bit Axe
11:19 Horse Collar
16:45 Castle Age
17:11 Gold Mining
17:59 Heavy Plow
20:01 Bow Saw
20:40 Wheelbarrow
24:25 Hand Cart
24:18 Fletching
24:29 Padded Archer Armor
24:24 Town Watch
25:04 Bodkin Arrow
25:41 Stone Mining
26:59 Leather Archer Armor
27:10 Scale Mail Armor
27:20 Forging
27:16 Squires
30:53 Imperial Age
28:58 Chain Mail Armor
29:39 Town Patrol
30:17 Gold Shaft Mining
30:22 Stone Shaft Mining
30:15 Thumb Ring
30:46 Iron Casting
30:41 Ballistics
30:32 Masonry
30:03 Pikeman
32:08 Conscription
31:37 Elite Chu Ko Nu
33:43 Two-Man Saw
34:15 Chemistry
32:54 Halberdier
35:47 Bracer
36:17 Ring Archer Armor
36:22 Architecture
37:00 Ring Archer Armor
36:24 Crossbowman
38:03 Arbalester
39:16 Plate Mail Armor
39:47 Blast Furnace
39:24 Elite Skirmisher
41:58 Heavy Rocket Cart
[Mosel] Der_Titan
10:50 Feudal Age
14:29 Castle Age
12:36 Double-Bit Axe
14:43 Horse Collar
16:29 Wheelbarrow
17:16 Fervor
21:14 Sanctity
24:39 Loom
26:00 Bow Saw
25:55 Heavy Plow
26:40 Hand Cart
29:08 Town Watch
30:22 Atonement
32:03 Town Patrol
32:09 Gold Mining
32:10 Stone Mining
34:53 Imperial Age
32:58 Ballistics
34:00 Padded Archer Armor
33:50 Fletching
33:39 Elite Skirmisher
34:38 Atlatl
35:08 Leather Archer Armor
35:23 Bodkin Arrow
36:48 Chemistry
35:15 Crossbowman
36:11 Bracer
35:34 Crossbowman
36:40 Arbalester
38:22 Conscription
38:49 Garland Wars
38:01 Elite Jaguar Warrior
42:32 Squires
42:23 Arson
42:24 Gambesons
43:26 Pikeman
44:08 Scale Mail Armor
44:18 Forging
45:07 Chain Mail Armor
45:44 Iron Casting
[Mosel] Vulkanius
10:23 Feudal Age
11:54 Loom
14:53 Castle Age
13:14 Double-Bit Axe
13:42 Horse Collar
24:10 Heavy Plow
24:23 Bow Saw
31:14 Imperial Age
29:04 Gold Mining
29:36 Fletching
32:05 Bodkin Arrow
32:33 Ballistics
32:42 Thumb Ring
32:58 Masonry
33:53 Chemistry
34:38 Two-Man Saw
34:09 Padded Archer Armor
34:13 Bracer
36:00 Leather Archer Armor
36:37 Elite Elephant Archer
36:43 Pikeman
37:24 Squires
37:09 Arson
38:22 Ring Archer Armor
37:49 Murder Holes
39:53 Scale Mail Armor
40:03 Forging
41:09 Onager
43:03 Conscription
42:49 Medical Corps
43:26 Husbandry
42:47 Light Cavalry
45:09 Scale Barding Armor
45:39 Iron Casting
44:32 Halberdier
Jazzmushroom
10:54 Feudal Age
14:55 Castle Age
13:21 Double-Bit Axe
13:43 Horse Collar
16:35 Bow Saw
17:11 Loom
18:04 Wheelbarrow
17:14 Loom
18:56 Heavy Plow
23:13 Hand Cart
22:44 Town Watch
22:53 Gold Mining
22:56 Stone Mining
24:22 Gold Shaft Mining
27:01 Detinets
27:27 Scale Barding Armor
27:32 Forging
27:47 Scale Mail Armor
30:40 Imperial Age
29:45 Iron Casting
29:58 Chain Mail Armor
30:22 Squires
29:44 Man-at-Arms
30:53 Fletching
31:03 Long Swordsman
32:15 Plate Mail Armor
32:47 Blast Furnace
31:57 Druzhina
32:19 Conscription
32:07 Two-Handed Swordsman
32:22 Capped Ram
34:32 Two-Man Saw
33:31 Bodkin Arrow
33:36 Siege Ram
34:13 Champion
39:05 Elite Boyar
40:24 Hoardings
39:58 Scale Barding Armor
40:30 Coinage
41:44 Chain Barding Armor
41:38 Bloodlines
41:28 Husbandry
43:01 Plate Barding Armor
44:54 Banking
Pyc_Hawk
0:30 Loom
8:57 Feudal Age
9:34 Double-Bit Axe
12:11 Fletching
20:21 Castle Age
18:50 Stone Mining
19:29 Gold Mining
22:17 Bodkin Arrow
25:38 Horse Collar
26:53 Town Watch
27:49 Wheelbarrow
33:03 Imperial Age
31:02 Padded Archer Armor
31:58 Ballistics
32:22 Bow Saw
32:57 Hand Cart
33:08 Leather Archer Armor
33:37 Masonry
34:32 Bracer
36:00 Ring Archer Armor
36:51 Two-Man Saw
36:23 Thumb Ring
36:10 Crossbowman
37:31 Heavy Plow
36:56 Elite Skirmisher
39:36 Stone Shaft Mining
40:34 Chemistry
41:11 Crop Rotation
42:39 Treadmill Crane
43:20 Town Patrol
44:19 Hul'che Javelineers
44:40 Conscription
43:53 Pikeman
44:33 Squires
44:35 Scale Mail Armor
44:45 Forging
45:15 Guilds
44:55 Arbalester
Whop
10:28 Feudal Age
13:12 Loom
15:41 Castle Age
15:20 Double-Bit Axe
20:02 Horse Collar
22:31 Heavy Plow
24:38 Wheelbarrow
23:49 Town Watch
24:25 Bow Saw
24:39 Gold Mining
24:45 Stone Mining
25:32 Fletching
26:34 Gold Shaft Mining
27:28 Bodkin Arrow
27:33 Padded Archer Armor
27:53 Hand Cart
31:34 Imperial Age
29:57 Leather Archer Armor
30:31 Ballistics
30:23 Fortified Wall
31:09 Masonry
33:19 Chemistry
32:26 Bracer
32:56 Ring Archer Armor
33:02 Ring Archer Armor
34:05 Paiks
35:14 Scale Barding Armor
35:42 Architecture
36:38 Elite Elephant Archer
37:40 Chain Barding Armor
38:41 Siege Engineers
39:24 Plate Barding Armor
41:56 Caravan
43:06 Crop Rotation
43:38 Two-Man Saw
'Rhythm_' = idiot
11:11 Feudal Age
14:49 Castle Age
13:19 Horse Collar
13:45 Double-Bit Axe
17:34 Chemistry
23:31 Bow Saw
24:01 Town Watch
24:02 Loom
25:34 Scale Mail Armor
25:46 Horse Collar
29:41 Wheelbarrow
30:08 Heavy Plow
34:07 Imperial Age
32:52 Chain Mail Armor
34:14 Pikeman
34:54 Squires
37:32 Fletching
37:42 Padded Archer Armor
38:40 Hand Cart
39:20 Wagenburg Tactics
40:26 Siege Engineers
39:43 Halberdier
42:04 Houfnice
43:32 Plate Mail Armor
45:46 Forging
Connection lost

Rejoining the realm…

Still unreachable

The connection could not be restored.

Session expired

The server has moved on; the page needs a fresh start.